 Dungeon Crawl Stone Soup version 0.29-a0-716-gf28ee254f9 (webtiles) character file.

Game seed: 11368075617974319813

28 KristoblXynda the Sneak (level 2, 0/26 HPs)
             Began as a Draconian Delver on June 26, 2022.
             Slain by an iguana (11 damage)
             ... on level 4 of the Dungeon.
             The game lasted 00:00:53 (170 turns).

KristoblXynda the Sneak (Draconian Delver)           Turns: 170, Time: 00:00:53

Health: 0/26       AC:  5    Str: 14    XL:     2   Next: 96%
Magic:  2/2        EV: 12    Int: 10    God:
Gold:   27         SH:  0    Dex: 12    Spells: 1/1 levels left

rFire   . . .      SeeInvis .   a - +0 falchion
rCold   . . .      Faith    .   (no shield)
rNeg    . . .      Spirit   .   (body armour unavailable)
rPois   .          Reflect  .   (helmet restricted)
rElec   .          Harm     .   g - +0 cloak
rCorr   .          Rampage  .   (no gloves)
Will    .....                   (no boots)
Stlth   +++.......              (no amulet)
HPRegen 0.08/turn               (no ring)
MPRegen 0.08/turn               (no ring)

@: no status effects
A: AC +4, unfitting armour, cold-blooded
a: no special abilities


You were on level 4 of the Dungeon.
You visited 1 branch of the dungeon, and saw 2 of its levels.

You collected 27 gold pieces.

Inventory:

Hand Weapons
 a - a +0 falchion (weapon)
Armour
 g - a +0 cloak (worn)
Wands
 f - a wand of digging (3)
Scrolls
 b - a scroll of fog
 c - a scroll of magic mapping
 d - a scroll of fear
 h - a scroll of identify {unknown}
Potions
 e - a potion of haste


   Skills:
 + Level 3.6 Fighting
 + Level 2.4 Long Blades
 + Level 2.2 Dodging
 + Level 4.7 Stealth


You had one spell level left.
You didn't know any spells.
Your spell library contained the following spells:

 Spells                   Type           Power      Damage    Failure   Level
 Ozocubu's Armour         Ice            0%         N/A       75%         3
 Ozocubu's Refrigeration  Ice            0%         4d5       100%        7


Dungeon Overview and Level Annotations

Branches:
Dungeon (5/15)
 Temple: D:4-7

Altars:


Innate Abilities, Weirdness & Mutations

Your plain brown scales are hard. (AC +4)
You cannot fit into any form of body armour.
You are cold-blooded and may be slowed by cold attacks.


Message History

Found a bubbling sapphire potion.
An orc comes into view. It is wielding a +0 dagger.
Found a stone staircase leading up.
There is a stone staircase leading up here.
You climb upwards.
Found 3 red potions and 15 gold pieces.
There is a stone staircase leading down here.
The helpless iguana fails to defend itself.
You slash the iguana!
You tail-slap the iguana, but do no damage.
The iguana is moderately wounded.
The iguana bites you!
You hit the iguana but do no damage.
The iguana is moderately wounded.
The kobold shouts!
An endoplasm comes into view.
The iguana bites you!
A ball python comes into view.
The ball python hisses angrily.
You hit the iguana.
The iguana is heavily wounded.
The kobold hits you but does no damage. The iguana closely misses you.
The kobold throws a stone.
The stone barely misses you.
An orc comes into view. It is wielding a +0 falchion.
The kobold throws a stone.
The stone hits you but does no damage.
The orc shouts!
The iguana bites you.
The kobold throws a stone.
The stone barely misses you. The iguana attacks as you move away!
The iguana barely misses you.
Found a scroll labelled FUGEVI LINK.
The iguana attacks as you move away! The iguana closely misses you.
You see here a scroll labelled FUGEVI LINK.
You barely miss the iguana.
The iguana is moderately wounded.
The iguana barely misses you.
Okay, then.
You barely miss the iguana.
The iguana is moderately wounded.
The iguana bites you!
You die...

.. #. #.#
###.#####
......###.#..##.#
......#......#..##
#................#
..o..#.......JlS.#
...#....#..##@##
#......#..####
#...##.#..#
###......J..#
..#......!...##
!.......K...##
....#..>...## #..
#......## ##
#.......#


You could see an iguana, an endoplasm and a ball python.

Vanquished Creatures
  A hound (D:5)
1 creature vanquished.

Notes
Turn   | Place    | Note
-------+----------+-------------------------------------------
     0 | D:5      | KristoblXynda the Draconian Delver began the quest for the
                  | Orb.
     0 | D:5      | Reached XP level 1. HP: 19/19 MP: 1/1
     1 | D:5      | Noticed an ice beast
    69 | D:5      | Noticed a hound
    84 | D:5      | Killed a hound
    85 | D:5      | Reached XP level 2. HP: 23/26 MP: 2/2
   137 | D:5      | Noticed an ice beast
   170 | D:4      | Slain by an iguana

Illustrated notes

Levels and vault maps discovered:
D:4:      layout_cave_pools, minmay_temple_entry_slanted, grunt_decor_arrowhead,
          hangedman_glass_teeth, uniq_blork_the_orc
D:5:      dreamdust_elfheim, layout_basic, minmay_statues_item,
          chequers_serial_rivers_micro_d, minmay_misc_feat_rugged

Skill      XL: |  1 |
---------------+----+-----
Dodging        | 2 |  2.2
Fighting       | |  3.6
Long Blades    | |  2.4
Stealth        | |  4.7

Action                   || total
-------------------------++-------
Melee: Falchion          ||    14
       Tailslap          ||     3
       Punch             ||     1
 Stab: Sleeping          ||     1
Armor: Skin              ||     4
Dodge: Dodged            ||    17

Table legend: (Time is in decaauts)
 A = Elapsed time spent in this place.
 B = Non-inter-level travel time spent in this place.
 C = Inter-level travel time spent in this place.
 D = Time resting spent in this place.
 E = Time spent auto-exploring this place.
 F = Levels seen in this place.
 G = Mean time per level.
                   A        B        C        D        E       F      G
               +--------+--------+--------+--------+--------+-----+--------+
         Total |    172 |    172 |      0 |     31 |      0 |   2 |   86.0 |
       Dungeon |    172 |    172 |      0 |     31 |      0 |   2 |   86.0 |
               +--------+--------+--------+--------+--------+-----+--------+

Top non-repeatable levels by time:
     D:5: 150 daAuts
     D:4: 21 daAuts
